 Dungeon Crawl Stone Soup version 0.17-a0-848-g7e5c6af (webtiles) character file.

30 ahoge the Cudgeler (level 3, -1/23 HPs)
             Began as a Gargoyle Berserker on Apr 27, 2015.
             Was a Believer of Trog.
             Slain by Crazy Yiuf
             ... wielding a +3 quarterstaff of chaos
              (11 damage)
             ... while paralysed by Crazy Yiuf
             ... on level 2 of the Dungeon.
             The game lasted 00:03:58 (777 turns).

ahoge the Cudgeler (Gargoyle Berserker)              Turns: 777, Time: 00:03:58

Health: -1/23      AC:  6    Str: 20    XL:     3   Next: 20%
Magic:  3/3        EV:  2    Int:  7    God:    Trog [**....]
Gold:   63         SH:  0    Dex: 10    Spells: 0 memorised, 2 levels left

rFire  . . .     SeeInvis .     n - +0 whip
rCold  . . .     Clarity  .     b - +0 animal skin
rNeg   + . .     SustAb   .     (no shield)
rPois  ∞         Gourm    .     (no helmet)
rElec  +         Spirit   .     p - +0 cloak
rCorr  .         Warding  .     (no gloves)
rMut   .         Stasis   .     (no boots)
MR     .....                    i - amulet of regeneration
Stlth  +.........               (no ring)
                                (no ring)

@: paralysed, slowed, not resistant to hostile enchantments, very unstealthy
A: negative energy resistance 1, electricity resistance, unbreathing,
petrification resistance, rot immunity, AC +3
a: Burn Spellbooks, Berserk, Trog's Hand, Renounce Religion


You were on level 2 of the Dungeon.
You worshipped Trog.
Trog was pleased with you.
You were not hungry.

You visited 1 branch of the dungeon, and saw 2 of its levels.

You collected 63 gold pieces.

Inventory:

Hand weapons
 a - a +0 mace
 n - a +0 whip (weapon)
Armour
 b - a +0 animal skin (worn)
 p - a +0 cloak (worn)
Jewellery
 i - an amulet of regeneration (around neck)
Scrolls
 d - a scroll of enchant armour {unknown}
 e - a scroll of random uselessness {unknown}
 f - a scroll of fog {unknown}
 l - a scroll of blinking {unknown}
 m - a scroll of enchant weapon {unknown}
 o - a scroll of magic mapping {unknown}
Potions
 j - a potion of haste {unknown}
 k - a potion of curing {unknown}
Comestibles
 c - a bread ration
 g - 6 chunks of flesh
 h - a meat ration


   Skills:
 - Level 3.2 Fighting
 + Level 4.2 Maces & Flails
 - Level 2.1 Armour
 - Level 1.5 Dodging


You had 2 spell levels left.
You didn't know any spells.

Dungeon Overview and Level Annotations

Branches:
Dungeon (2/15)

Altars:

Annotations:
D:2 Crazy Yiuf


Innate Abilities, Weirdness & Mutations

You are resistant to torment.
Your stone body is resilient (AC +3).
You are immune to poison.
You resist negative energy.
You are resistant to electric shocks.
You can survive without breathing.
You are immune to petrification.
You are immune to rotting.


Message History

Crazy Yiuf the Enlightened comes into view.
He is wielding a quarterstaff of chaos.
Crazy Yiuf shouts!
Found a hammer.
Crazy Yiuf yells, "Defame!"
There is an open door here.
You hit Crazy Yiuf.
Crazy Yiuf is lightly wounded.
Crazy Yiuf screams, "Mountain Orb Guardian stair!"
Crazy Yiuf hits you with a quarterstaff of chaos.
You suddenly lose the ability to move!
Crazy Yiuf hits you with a quarterstaff of chaos. x2
You feel yourself slow down. Crazy Yiuf completely misses you.
Some of the chunks of flesh in your inventory have rotted away.
Crazy Yiuf barely misses you.
Crazy Yiuf laughs, "Sif Muna ena Orb Guardian!"
Crazy Yiuf hits you with a quarterstaff of chaos.
Crazy Yiuf burns you.
Crazy Yiuf hits you with a quarterstaff of chaos!
You die...

.#.# #.#.# #.#.#
#.#.# #.#.#
#.#.##♣♣♣♣♣
#.#.'...♣.♣♣♣ ####
#........♣..♣#...#
#.......♣♣♣♣.@g..#
#.#.+..♣♣ ♣♣#..)#
#.####♣♣ #### #.#
######## #.#
#......# #.# ###
##########.#
#.#####.# #.....#
#.# #.......#
#.....# #.#
#######.# #...(.#
#.#


You could see Crazy Yiuf.

Vanquished Creatures
  An adder (D:2)
  2 bats
  2 giant cockroaches (D:1)
  4 goblins (D:1)
  3 hobgoblins
  2 jackals (D:1)
  3 kobolds (D:1)
  4 rats
21 creatures vanquished.

Notes
Turn   | Place    | Note
--------------------------------------------------------------
     0 | D:1      | ahoge, the Gargoyle Berserker, began the quest for the Orb.
     0 | D:1      | Reached XP level 1. HP: 14/14 MP: 1/1
   217 | D:1      | Reached XP level 2. HP: 19/19 MP: 2/2
   587 | D:1      | Reached skill level 4 in Maces & Flails
   658 | D:2      | Reached XP level 3. HP: 21/23 MP: 3/3
   707 | D:2      | Acquired Trog's second power
   768 | D:2      | Noticed Crazy Yiuf
   770 | D:2      | Paralysed by Crazy Yiuf for 7 turns
   777 | D:2      | Slain by Crazy Yiuf

Action                   || total
-------------------------++-------
Melee: Mace              ||    67
       Whip              ||    17
